 Dungeon Crawl Stone Soup version 0.29.0-13-gc9e81de378 (webtiles) character file.

Game seed: 951591430398472347

917 Quickbrownfox the Chiller (level 7, -8/48 HPs)
             Began as a Demonspawn Ice Elementalist on Sept 7, 2022.
             Mangled by an orc warrior
             ... wielding a +0 halberd
              (22 damage)
             ... on level 6 of the Dungeon.
             The game lasted 00:09:34 (5706 turns).

Quickbrownfox the Chiller (DsIE)                    Turns: 5706, Time: 00:09:35

Health: -8/48      AC:  4    Str:  8    XL:     7   Next: 83%
Magic:  0/13       EV: 13    Int: 19    God:
Gold:   222        SH:  0    Dex: 19    Spells: 1/15 levels left

rFire   . . .      SeeInvis .   t - +7 spear (freeze)
rCold   . . .      Faith    .   (no shield)
rNeg    . . .      Spirit   .   n - +1 leather armour
rPois   .          Reflect  .   (no helmet)
rElec   .          Harm     .   (no cloak)
rCorr   .          Rampage  .   (no gloves)
Will    .....                   (no boots)
Stlth   +++.......              (no amulet)
HPRegen 0.16/turn               B - +6 ring of dexterity
MPRegen 0.13/turn               A - ring of wizardry

@: freezing walls, very slightly contaminated
A: hooves 2, sturdy frame 1
a: no special abilities


You were on level 6 of the Dungeon.
You visited 1 branch of the dungeon, and saw 6 of its levels.

You collected 222 gold pieces.

Inventory:

Hand Weapons
 b - a +2 dagger of draining
 c - a +0 short sword of speed
 d - a +0 quarterstaff
 e - a +0 dagger
 g - a +0 short sword
 r - a +1 dagger of venom
 t - a +7 spear of freezing (weapon)
Armour
 a - a +0 robe
 n - a +1 leather armour (worn)
 p - a +0 robe of positive energy
Jewellery
 v - a ring of protection from fire
 A - a ring of wizardry (right hand)
 B - a +6 ring of dexterity (left hand)
Wands
 m - a wand of roots (6)
 q - a wand of flame (6)
Scrolls
 k - 3 scrolls of amnesia
 l - 2 scrolls of teleportation
 w - a scroll of enchant armour
 y - a scroll of enchant weapon
 z - a scroll of immolation {unknown}
Potions
 f - a potion of flight {unknown}
 h - 2 potions of curing
 i - a potion of brilliance {unknown}
 j - 2 potions of haste {unknown}
 o - 2 potions of ambrosia {unknown}
 s - 4 potions of attraction
 u - 2 potions of cancellation {unknown}
 x - 4 potions of degeneration {unknown}
 C - a potion of mutation {unknown}


   Skills:
 + Level 1.5 Fighting
 + Level 2.2 Short Blades
 + Level 1.4 Polearms
 + Level 2.6 Dodging
 + Level 3.0 Stealth
 + Level 4.5 Spellcasting
 + Level 0.2 Transmutations
 + Level 0.2 Fire Magic
 + Level 5.9 Ice Magic
 * Level 2.1 Poison Magic


You had one spell level left.
You knew the following spells:

 Your Spells              Type           Power      Damage    Failure   Level
a - Freeze                Ice            100%       1d11      1%          1
b - Frozen Ramparts       Ice            52%        1d8       1%          3
c - Ozocubu's Armour      Ice            26%        N/A       1%          3
d - Ignite Poison         Fire/Tmut/Pois 7%         N/A       12%         3
e - Hailstorm             Conj/Ice       15%        3d5       16%         4

Your spell library contained the following spells:

 Spells                   Type           Power      Damage    Failure   Level
 Mephitic Cloud           Conj/Pois/Air  6%         N/A       13%         3
 Freezing Cloud           Conj/Ice/Air   5%         6-21      52%         5


Dungeon Overview and Level Annotations

Branches:
Dungeon (6/15)
 Temple: D:4-7

Altars:
Cheibriados
Dithmenos
Hepliaklqana
Kikubaaqudgha
Qazlal
Ru
Sif Muna
Wu Jian

Annotations:
D:3 3 runed translucent doors, jonaskbp's ghost, amateur DjSu


Innate Abilities, Weirdness & Mutations

You have hoof-like feet.
Your movements are slightly less encumbered by armour. (ER -2)


Message History

You reach to attack!
You hit the orc warrior. You freeze the orc warrior.
The orc warrior is heavily wounded.
The wall freezes the orc warrior but does no damage.
The orc warrior hits you from afar with a +0 halberd!
* * * LOW HITPOINT WARNING * * *
You are too injured to fight recklessly!
You feel better.
The wall freezes the orc warrior but does no damage.
The orc warrior hits you from afar with a +0 halberd.
Casting: Hailstorm (quite dangerous; 16% risk of failure)
Confirm with . or Enter, or press ? or * to list all spells.
You can't see any susceptible monsters within range! (Use Z to cast anyway.) Unknown command.
Casting: Hailstorm (quite dangerous; 16% risk of failure)
Confirm with . or Enter, or press ? or * to list all spells.
The spell is quite dangerous to miscast (16% risk of failure)!
Continue anyway?
Casting: Hailstorm (quite dangerous; 16% risk of failure)
Press: ? - help, Dir - look around, f - activate You miscast Hailstorm.
You are very lightly contaminated with residual magic.
You are encased in ice!
* * * LOW HITPOINT WARNING * * *
The frozen ramparts melt away.
The orc warrior closely misses you.
You feel better.
The orc warrior hits you but does no damage.
Casting: Hailstorm (quite dangerous; 16% risk of failure)
Confirm with . or Enter, or press ? or * to list all spells.
Casting: Frozen Ramparts (safe; 1% risk of failure)
Press: ? - help, Dir - look around, f - activate The walls around you are covered in ice.
The wall freezes the orc warrior.
The orc warrior barely misses you.
Unknown command.
Aiming: Throw Flame
Press: ? - help, Shift-Dir - straight line, f - orc warrior
Aim: an orc warrior, wielding a +0 halberd and wearing a +0 plate armour (severely wounded, 68% to hit)
The puff of flame hits the orc warrior but does no damage.
The orc warrior is severely wounded.
The wall freezes the orc warrior.
The orc warrior hits you from afar with a +0 halberd!!
You die...

#################
#...............# ###
#.#####..######.# ##... #.#
#..######.#
#.....####.#####.......#.##
#.....).o.@...##..##.......
#......)##.##........#.#.##
#.....##.#.###.....###.#.##
#..... #..# ##...####.#.##
#.... ................#.
#.... #.######.......##.#
#... .# #.#########. #### #
#+# ## #.## #


You could see an orc warrior.

Vanquished Creatures
  4 ogres
  2 necrophages
  2 scorpions
  4 hounds
  2 orc wizards
  An iguana (D:6)
  4 adders
  An ufetubus (D:5)
  A worm (D:3)
  2 dart slugs
  15 orcs
  5 endoplasms
  A giant cockroach (D:2)
  12 goblins
  6 hobgoblins
  4 jackals
  3 quokkas
  6 ball pythons
  6 bats
  5 frilled lizards
  5 kobolds
  8 rats
99 creatures vanquished.

Notes
Turn   | Place    | Note
-------+----------+-------------------------------------------
     0 | D:1      | Quickbrownfox the Demonspawn Ice Elementalist began the
                  | quest for the Orb.
     0 | D:1      | Reached XP level 1. HP: 13/13 MP: 3/3
   243 | D:1      | Reached skill level 4 in Ice Magic
   247 | D:1      | Gained mutation: Your movements are slightly less
                  | encumbered by armour. (ER -2) [demonic ancestry]
   247 | D:1      | Reached XP level 2. HP: 7/19 MP: 1/5
   569 | D:1      | Found a faded altar of an unknown god.
   756 | D:1      | You fall into a shaft and drop 1 floor!
  1285 | D:2      | Gained mutation: You have large cloven feet. [demonic
                  | ancestry]
  1285 | D:2      | Reached XP level 3. HP: 24/24 MP: 3/6
  1292 | D:2      | Learned a level 3 spell: Frozen Ramparts
  2385 | D:3      | Found an ornate altar of the Wu Jian Council.
  2424 | D:3      | Found a hazy altar of Hepliaklqana.
  2449 | D:3      | Reached XP level 4. HP: 15/23 MP: 3/8
  2801 | D:3      | Found a shimmering blue altar of Sif Muna.
  3061 | D:3      | Found a runed translucent gate.
  3064 | D:3      | Found a runed translucent gate.
  3077 | D:3      | Found a runed translucent gate.
  3080 | D:3      | Noticed jonaskbp's ghost (amateur DjSu)
  3101 | D:3      | Reached skill level 1 in Short Blades
  3389 | D:4      | Learned a level 3 spell: Ozocubu's Armour
  3515 | D:4      | Noticed an ogre
  3526 | D:4      | Killed an ogre
  3527 | D:4      | Reached XP level 5. HP: 24/36 MP: 1/9
  3572 | D:4      | Noticed an ogre
  3585 | D:4      | Killed an ogre
  3586 | D:4      | Reached skill level 1 in Fighting
  3586 | D:4      | Reached skill level 5 in Ice Magic
  3586 | D:4      | Reached XP level 6. HP: 17/43 MP: 1/11
  3950 | D:4      | Found an ancient bone altar of Kikubaaqudgha.
  4043 | D:4      | Found a shadowy altar of Dithmenos.
  4223 | D:4      | Learned a level 3 spell: Ignite Poison
  4229 | D:5      | Entered Level 5 of the Dungeon
  4258 | D:5      | Found a stormy altar of Qazlal.
  4476 | D:5      | Found a snail-covered altar of Cheibriados.
  4704 | D:5      | Gained mutation: You have hoof-like feet. [demonic
                  | ancestry]
  4704 | D:5      | Reached XP level 7. HP: 35/48 MP: 11/13
  5003 | D:5      | Identified a scroll of acquirement
  5003 | D:5      | Acquired a +7 spear of freezing
  5029 | D:6      | Learned a level 4 spell: Hailstorm
  5101 | D:6      | Reached skill level 1 in Poison Magic
  5469 | D:6      | Reached skill level 1 in Polearms
  5575 | D:6      | Found a sacrificial altar of Ru.
  5706 | D:6      | Mangled by an orc warrior

Illustrated notes

Levels and vault maps discovered:
D:1:      enne_arrival_octagon_isle, layout_loops_ring,
          shapermc_ecumenical_altar_pompeii
D:2:      layout_basic, corexii_shack, minmay_unequal
D:3:      layout_basic, mainiacjoe_overflow_paths,
          mainiacjoe_overflow_catwalk_spiral, gammafunk_ghost_split,
          minmay_misc_feat_doors, corexii_leaking_fountain
D:4:      layout_basic, lemuel_tele_altar, grunt_dithmenos_smoke
D:5:      layout_basic, mainiacjoe_overflow_alcove_1,
          mainiacjoe_overflow_small_starburst
D:6:      layout_loops_corners, nicolae_ru_awakened_eye, grunt_ministairs_9,
          uniq_crazy_yiuf_cottage

Skill      XL: |  1  2  3  4  5  6  7 |
---------------+----------------------+-----
Ice Magic      | 4 5 |  5.9
Dodging        | 2 |  2.6
Stealth        | 2 3 |  3.0
Short Blades   | 1 2 |  2.2
Spellcasting   | 3 4 |  4.5
Fighting       | 1 |  1.5
Poison Magic   | 2 |  2.1
Polearms       | 1 |  1.4
Transmutations | |  0.2
Fire Magic     | |  0.2

Action                   |  1- 3 |  4- 6 |  7- 9 || total
-------------------------+-------+-------+-------++-------
Melee: Unarmed           |    10 |       |       ||    10
       Short sword       |    21 |       |       ||    21
       Dagger            |    24 |    64 |     6 ||    94
       Kick              |     4 |    16 |     8 ||    28
       Punch             |       |     1 |       ||     1
       Spear             |       |       |    26 ||    26
 Cast: Freeze            |    44 |    18 |    15 ||    77
       Frozen Ramparts   |     1 |     2 |     3 ||     6
       Ozocubu's Armour  |       |     2 |     1 ||     3
       Ignite Poison     |       |     1 |       ||     1
       Hailstorm         |       |       |     1 ||     1
Evoke: Wand              |       |       |     1 ||     1
  Use: Scroll            |     7 |     1 |     1 ||     9
       Potion            |     2 |       |     2 ||     4
 Stab: Sleeping          |     3 |     3 |     4 ||    10
Armor: Robe              |     9 |       |       ||     9
       Leather armour    |    21 |    17 |     8 ||    46
Dodge: Dodged            |    63 |    46 |    19 ||   128
